 Dungeon Crawl Stone Soup version 0.28.0-1-gb440e238dd (webtiles) character file.

Game seed: 11790546029180337375

82 mortz the Sneak (level 4, -6/21 HPs)
             Began as a Spriggan Enchanter on Feb 27, 2022.
             Killed from afar by an orc wizard (11 damage)
             ... with a puff of flame
             ... on level 2 of the Dungeon.
             The game lasted 00:26:21 (3907 turns).

mortz the Sneak (Spriggan Enchanter)                Turns: 3907, Time: 00:26:21

Health: -6/21      AC:  2    Str:  6    XL:     4   Next: 21%
Magic:  9/9        EV: 17    Int: 16    God:
Gold:   80         SH:  0    Dex: 15    Spells: 8/8 levels left

rFire   . . .      SeeInvis +   e - +1 dagger (flame) {short}
rCold   . . .      Faith    .   (no shield)
rNeg    . . .      Spirit   .   b - +0 robe
rPois   .          Reflect  .   (helmet restricted)
rElec   .          Harm     .   (no cloak)
rCorr   .          Rampage  .   (gloves unavailable)
Will    .....                   (boots unavailable)
Stlth   +++.......              (no amulet)
HPRegen 0.07/turn               o - ring of flight
MPRegen 0.11/turn               (no ring)

@: flying, very quick
A: very small, no large weapons, unfitting armour, see invisible, speed 3
a: no special abilities


You were on level 2 of the Dungeon.
You visited 1 branch of the dungeon, and saw 3 of its levels.

You collected 80 gold pieces.


Innate Abilities, Weirdness & Mutations

You are very small and have problems with some larger weapons.
You are too small for most types of armour.
You have supernaturally acute eyesight. (SInv)
You cover ground extremely quickly. (Speed+++)


   Skills:
 * Level 0.4 Fighting
 * Level 2.6 Short Blades
 * Level 3.3 Dodging
 * Level 5.5 Stealth
 + Level 2.7 Spellcasting
 + Level 4.2 Hexes


You had 8 spell levels left.
You didn't know any spells.
Your spell library contained the following spells:

 Spells                   Type           Power      Damage    Failure   Level
 Confusing Touch          Hex            15%        N/A       10%         3
 Tukima's Dance           Hex            15%        N/A       10%         3
 Ensorcelled Hibernation  Hex/Ice        16%        N/A       12%         2
 Dazzling Flash           Conj/Hex       16%        N/A       24%         3
 Blink                    Tloc           4%         N/A       28%         2
 Manifold Assault         Tloc           2%         N/A       99%         5
 Storm Form               Tmut/Air       1%         N/A       100%        7

Inventory:

Hand Weapons
 a - a +1 dagger {short}
 e - a +1 dagger of flaming (weapon) {short}
   (You took it off a goblin on level 1 of the Dungeon)
 n - a +1 vorpal flail {mace}
   (You took it off an orc on level 2 of the Dungeon)
 p - a +2 trident of venom {polearm}
   (You found it on level 2 of the Dungeon)
Missiles
 d - 21 arrows
 g - 7 sling bullets
 h - 64 stones (quivered) {throwing}
 j - 2 throwing nets {=f!fthrowing}
 m - 5 boomerangs {throwing}
Armour
 b - a +0 robe (worn)
Magical Staves
 k - a staff of poison {!astaff}
   (You found it on level 2 of the Dungeon)
Jewellery
 o - a ring of flight (left hand)
   (You found it on level 2 of the Dungeon)
Scrolls
 i - 2 scrolls of identify {unknown}
Potions
 c - a potion of invisibility
 f - a potion of flight {unknown}
 l - a potion of mutation {unknown}
 q - a potion of degeneration {unknown}

Dungeon Overview and Level Annotations

Branches:
Dungeon (3/15)

Altars:

#.# #.# ########## #.#
#........# #.# #.######.#
#.# #.# #.# #.# #.#
####.#####.# #)#
#........#.## #####
#.###.##.##.@...#####...#
#<.##.##.##.o)..........#
#.....##.##.....#####...####
#........#####.## #........#
##.####### #.# #.##.###.##
#.# #.# #.##.# #... #.#
##'## #.##.###..# #.#
##.>.###.##....... #.###
##.....##.######...


You could see an orc wizard.


Message History

You hit the orc. You burn the orc. The orc closely misses you.
You hit the orc. You burn the orc. The orc barely misses you.
You hit the orc. You burn the orc.
You kill the orc!
Things that are here:
a +0 trident {polearm}; an orc corpse You don't know any spells.
Unknown command.
You start resting. 😎 HP[+3]
Your hp is fully restored (21).
An orc wizard comes into view. It is wielding a +0 dagger.
Things that are here:
a +0 trident {polearm}; an orc corpse A goblin comes into view.
It is wielding a +0 dagger.
The goblin shouts!
An endoplasm comes into view.
You hit the goblin. You burn the goblin.
You kill the goblin!
Things that are here:
a +0 dagger {short}; a goblin corpse The endoplasm quivers.
You hit the endoplasm. You burn the endoplasm. The endoplasm freezes you.
You are frozen. 😕 HP[-5]
You take 5 damage, and now have 16/21 hp.
MASSIVE DAMAGE!! (PAUSE)
You hit the endoplasm but do no damage. The endoplasm freezes you.
You are frozen. 😮 HP[-5]
You take 5 damage, and now have 11/21 hp.
MASSIVE DAMAGE!! (PAUSE)
You hit the endoplasm but do no damage. The endoplasm misses you.
You hit the endoplasm. You burn the endoplasm.
You kill the endoplasm!
A sky beast comes into view.
Things that are here:
a +0 dagger {short}; a goblin corpse
There is an escape hatch in the ceiling here.
A mysterious force pulls you upwards. The hatch slams shut behind you.
You start resting. 😎 HP[+10]
Your hp is fully restored (21).
There is an open door here.
There is a stone staircase leading down here.
You fly downwards.
There is a stone staircase leading up here.
Found a stone staircase leading down.
You now have 80 gold pieces (gained 15).
A sky beast is nearby!
The sky beast flickers out of sight for a moment.
There is an escape hatch in the ceiling here.
A mysterious force pulls you upwards. The hatch slams shut behind you.
There is an open door here.
There is a stone staircase leading down here.
There is an open door here.
There is a stone staircase leading down here.
You fly downwards.
There is a stone staircase leading up here.
You closely miss the orc wizard.
The orc wizard shouts!
The orc wizard closely misses you.
You hit the orc wizard. You burn the orc wizard.
The orc wizard barely misses you.
You closely miss the orc wizard.
A rat comes into view.
You hit the orc wizard. You burn the orc wizard.
The orc wizard casts a spell at you. The magic dart hits you! 😮 HP[-9]
You take 9 damage, and now have 12/21 hp.
MASSIVE DAMAGE!! (PAUSE)
You hit the orc wizard. You burn the orc wizard.
The orc wizard hits you with a +0 dagger.
* * * LOW HITPOINT WARNING * * *
😨 HP[-3]
You take 3 damage, and now have 9/21 hp.
You hit the orc wizard. You burn the orc wizard.
The orc wizard completely misses you.
You hit the orc wizard. You burn the orc wizard.
The orc wizard barely misses you.
You hit the orc wizard but do no damage.
The orc wizard completely misses you.
There is a stone staircase leading up here.
You fly upwards.
There is a stone staircase leading down here.
You closely miss the orc wizard. The orc wizard completely misses you.
You hit the orc wizard but do no damage.
You punch the orc wizard.
The orc wizard hits you with a +0 dagger.
* * * LOW HITPOINT WARNING * * *
😱 HP[-4]
You take 4 damage, and now have 5/21 hp.
You hit the orc wizard but do no damage.
The orc wizard gestures at you while chanting.
The puff of flame hits you!
Ouch! That really hurt!
You die...

Skill      XL: |  1  2  3 |
---------------+----------+-----
Hexes          | 4 |  4.2
Stealth        | 5 |  5.5
Dodging        | 3 |  3.3
Short Blades   | 2 |  2.6
Fighting       | |  0.4
Spellcasting   | |  2.7

Action                   |  1- 3 |  4- 6 || total
-------------------------+-------+-------++-------
Melee: Dagger            |   193 |    47 ||   240
       Punch             |     2 |     1 ||     3
Throw: Stone             |     3 |       ||     3
 Stab: Sleeping          |    11 |     1 ||    12
       Distracted        |     1 |       ||     1
Armor: Robe              |    20 |       ||    20
Dodge: Dodged            |   123 |    23 ||   146

Levels and vault maps discovered:
D:1:      dpeg_arrival_tiny_a, layout_loops_cross,
          chequers_ecumenical_altar_simple_redux, minmay_cut_off
D:2:      layout_loops_corners
D:3:      layout_basic, okawaru_altar_gauntlet_db, serial_rivers,
          chequers_serial_rivers_room_b, chequers_serial_rivers_small_a,
          chequers_serial_rivers_marsh, chequers_serial_rivers_micro_e,
          chequers_serial_rivers_room_a, pf_guarded_unrand_meek

Notes
Turn   | Place    | Note
-------+----------+-------------------------------------------
     0 | D:1      | mortz the Spriggan Enchanter began the quest for the Orb.
     0 | D:1      | Reached XP level 1. HP: 9/9 MP: 5/5
     0 | D:1      | magus.rc [v1.9.6]
    81 | D:1      | Found a faded altar of an unknown god.
   153 | D:1      | Reached skill level 4 in Hexes
   389 | D:1      | Reached XP level 2. HP: 11/13 MP: 6/6
   478 | D:1      | You add the spells Blink, Manifold Assault and Storm Form
                  | to your library.
  1021 | D:1      | Reached skill level 5 in Stealth
  1031 | D:1      | Reached skill level 3 in Dodging
  1366 | D:2      | Reached XP level 3. HP: 16/16 MP: 8/8
  2341 | D:2      | Reached skill level 2 in Short Blades
  2946 | D:3      | Noticed a necrophage
  3153 | D:3      | Reached XP level 4. HP: 21/21 MP: 9/9
  3667 | D:3      | Noticed a sky beast
  3906 | D:2      | HP: 5/21 [orc wizard (4)]
  3907 | D:2      | Killed from afar by an orc wizard

Vanquished Creatures
  An adder (D:2)
  A worm (D:3)
  3 dart slugs
  4 orcs
  4 ball pythons
  2 endoplasms
  3 giant cockroaches (D:1)
  6 goblins
  6 hobgoblins
  10 kobolds
  3 quokkas
  5 bats
  5 frilled lizards
  3 rats
56 creatures vanquished.

Table legend:
 A = Non-vault XP
 B = Vault XP
 C = Vault XP percentage of total XP
 D = Non-vault monster count
 E = Vault monster count
 F = Vault count percentage of total count
                 A         B        C        D         E       F
            +---------+---------+-------+---------+---------+-------
      Total |     117 |       1 |   0.8 |      55 |       1 |   1.8
            +---------+---------+-------+---------+---------+-------
        D:1 |      36 |       1 |   2.7 |      21 |       1 |   4.5
        D:2 |      42 |       0 |   0.0 |      17 |       0 |   0.0
        D:3 |      39 |       0 |   0.0 |      17 |       0 |   0.0
            +---------+---------+-------+---------+---------+-------

Illustrated notes

Table legend:
 A = Kills in this place as a percentage of kills in entire the game.
 B = Kills by you in this place as a percentage of kills by you in the entire game.
 C = Kills by friends in this place as a percentage of kills by friends in the entire game.
 D = Other kills in this place as a percentage of other kills in the entire game.
 E = Experience gained in this place as a percentage of experience gained in the entire game.
 F = Experience gained in this place divided by the number of levels of this place that you have seen.
                   A       B       C       D       E      F
               +-------+-------+-------+-------+-------+----------------------
         Total | 100.0 | 100.0 |   N/A |   N/A | 100.0 |  39.3
       Dungeon | 100.0 | 100.0 |   N/A |   N/A | 100.0 |  39.3
               +-------+-------+-------+-------+-------+----------------------

Table legend: (Time is in decaauts)
 A = Elapsed time spent in this place.
 B = Non-inter-level travel time spent in this place.
 C = Inter-level travel time spent in this place.
 D = Time resting spent in this place.
 E = Time spent auto-exploring this place.
 F = Levels seen in this place.
 G = Mean time per level.
                   A        B        C        D        E       F      G
               +--------+--------+--------+--------+--------+-----+--------+
         Total |   3064 |   3023 |     41 |   1394 |    647 |   3 | 1021.3 |
       Dungeon |   3064 |   3023 |     41 |   1394 |    647 |   3 | 1021.3 |
               +--------+--------+--------+--------+--------+-----+--------+

Top non-repeatable levels by time:
     D:2: 1513 daAuts
     D:1: 990 daAuts
     D:3: 560 daAuts
